Get step-by-step instructions on how to execute this build order below. Start the game timer, and the build order will tick by so you can play in parallel with StarCraft on a second screen or mobile device.

Game Time

  0:00

Last Step

  N/A

Next Step

Upcoming Step



Don't want to look back and forth between 2 screens? Try out our Overwolf App, the Spawning Tool Build Advisor to get an in-game overlay with this build!

Complete Build Order

  12  0:00  Drone  
  13  0:12  Overlord  
  13  0:16  Drone  
  14  0:32  Drone x2  
  16  0:48  Hatchery  
  15  0:51  Drone  
  15  0:55  Drone  
  17  0:58  Drone  
  18  1:08  Extractor  
  17  1:13  Spawning Pool  
  17  1:15  Drone  
  17  1:19  Drone  
  18  1:32  Drone  
  19  1:38  Drone  
  20  1:50  Drone  
  21  2:01  Zergling x4  
  23  2:02  Queen x2  
  27  2:18  Metabolic Boost  
  27  2:22  Hatchery  
  26  2:26  Overlord  
  26  2:30  Drone  
  26  2:32  Drone  
  28  2:45  Drone  
  28  2:46  Drone x2  
  28  2:47  Queen  
  33  2:52  Overlord  
  33  2:59  Drone x3  
  36  3:13  Drone x4  
  36  3:19  Queen  
  42  3:20  Overlord  
  42  3:26  Queen  
  44  3:35  Zergling x4  
  44  3:38  Drone x3  
  49  3:44  Queen  
  49  3:45  Drone x4  
  49  3:47  Drone  
  56  3:51  Overlord  
  56  3:55  Evolution Chamber  
  55  4:07  Overlord  
  55  4:11  Drone  
  55  4:12  Drone x2  
  58  4:17  Hatchery  
  58  4:18  Drone, Overlord  
  58  4:22  Zerg Melee Weapons Level 1  
  54  4:40  Drone x14  
  54  4:44  Spore Crawler  
  65  4:50  Lair  
  65  4:52  Drone  
  66  4:56  Overlord  
  66  5:03  Overlord  
  66  5:07  Baneling Nest  
  66  5:13  Drone  
  66  5:17  Drone x8  
  66  5:20  Extractor  
  66  5:21  Drone x7, Extractor  
  80  5:22  Extractor  
  80  5:23  Overlord  
  80  5:26  Drone  
  79  5:33  Drone  
  79  5:34  Drone  
  81  5:36  Roach Warren  
  80  5:51  Overlord  
  80  5:52  Drone x9  
  88  5:57  Centrifugal Hooks, Hydralisk Den  
  84  6:07  Drone x2  
  85  6:14  Drone x3  
  85  6:15  Zergling x16, Drone x2, Spore Crawler  
  85  6:16  Zergling x2  
  85  6:18  Glial Reconstitution  
  97  6:19  Zergling x2  
  94  6:31  Hatchery  
  90  6:33  Drone x6  
  90  6:34  Drone x4  
  90  6:37  Grooved Spines  
  100  6:40  Zerg Melee Weapons Level 2  
  100  6:41  Overlord  
  100  6:49  Extractor  
  99  6:57  Spore Crawler  
  98  7:06  Zergling x14  
  98  7:07  Zergling x12  
  111  7:09  Overlord x2  
  111  7:19  Overlord x2  
  111  7:20  Overlord  
  111  7:24  Infestation Pit  
  111  7:28  Zergling x26, Muscular Augments  
  123  7:35  Hydralisk x2  
  127  7:39  Drone  
  127  7:40  Drone x5  
  133  7:45  Extractor, Hatchery  
  133  7:49  Zergling x10  
  120  8:11  Roach  
  120  8:12  Roach x17  
  145  8:16  Hydralisk x4  
  151  8:21  Queen  
  151  8:22  Queen  
  151  8:24  Hydralisk  
  151  8:26  Overlord  
  151  8:27  Overlord x8  
  157  8:35  Overlord  
  157  8:38  Overlord  
  157  8:39  Hive  
  157  8:43  Lurker Den  
  157  8:44  Roach  
  156  8:52  Zergling x34  
  171  9:07  Hydralisk  
  171  9:08  Hydralisk x2  
  171  9:09  Hydralisk x6  
  189  9:14  Pneumatized Carapace  
  189  9:34  Zerg Missile Weapons Level 1  
  189  9:38  Zergling x24, Hatchery  
  199  9:55  Baneling x12  
  199  9:56  Baneling  
  181  10:14  Hydralisk x11  
  163  10:17  Zergling x30  
  200  10:24  Seismic Spines  
  198  10:33  Drone x2  
  198  10:34  Drone  
  199  10:41  Overlord x3  
  199  10:55  Drone  
  200  11:09  Hydralisk  
  173  11:12  Baneling x8  
  173  11:13  Lurker  
  165  11:20  Lurker  
  165  11:25  Lurker, Extractor x2